 Dungeon Crawl Stone Soup version 0.25-a0-697-g890751e744 (webtiles) character file.

Game seed: 10345562183743923689, levelgen mode: deterministic

279 DasRunzen the Conjurer (level 5, -1/42 HPs)
             Began as a Demigod Conjurer on Apr 1, 2020.
             Slain by an iguana (13 damage)
             ... on level 2 of the Dungeon.
             The game lasted 00:06:06 (2973 turns).

DasRunzen the Conjurer (Demigod Conjurer)           Turns: 2973, Time: 00:06:07

Health: -1/42      AC:  2    Str: 11    XL:     5   Next: 75%
Magic:  8/12       EV: 14    Int: 21    God:
Gold:   104        SH:  0    Dex: 16    Spells: 7/10 levels left

rFire    . . .     SeeInvis .   f - +2 dagger (protect)
rCold    . . .     Gourm    .   (no shield)
rNeg     . . .     Faith    .   a - +0 robe
rPois    .         Spirit   .   i - +0 hat
rElec    .         Reflect  .   (no cloak)
rCorr    .         Harm     .   (no gloves)
MR       .....                  (no boots)
Stlth    ++........             (no amulet)
HPRegen  0.14/turn              l - ring of flight
MPRegen  0.13/turn              (no ring)

@: no status effects
A: high mp 1
a: Evoke Flight


You were on level 2 of the Dungeon.
You were hungry.

You visited 1 branch of the dungeon, and saw 4 of its levels.

You collected 104 gold pieces.

Inventory:

Hand Weapons
 f - a +2 dagger of protection (weapon)
Armour
 a - a +0 robe (worn)
 i - a +0 hat (worn)
Jewellery
 l - a ring of flight (left hand)
Scrolls
 e - 2 scrolls of teleportation
 j - a scroll of remove curse
Potions
 b - a potion of flight {unknown}
 d - 2 potions of curing {unknown}
 g - 3 potions of heal wounds
 h - a potion of cancellation {unknown}
Comestibles
 c - 3 rations


   Skills:
 + Level 2.4 Fighting
 + Level 3.2 Dodging
 - Level 1.7 Stealth
 + Level 3.0 Spellcasting
 + Level 4.5 Conjurations


You had 7 spell levels left.
You knew the following spells:

 Your Spells              Type           Power        Failure   Level  Hunger
a - Magic Dart            Conj           ###.         1%          1    None
b - Searing Ray           Conj           ###...       3%          2    ##.....

Your spell library contained the following spells:

 Spells                   Type           Power        Failure   Level  Hunger
 Dazzling Flash           Conj/Hex       ##....       16%         3    ###....
 Fulminant Prism          Conj/Hex       ##........   45%         4    ####...
 Iskenderun's Mystic Bla  Conj/Tloc      ##......     45%         4    ####...


Dungeon Overview and Level Annotations

Branches:
Dungeon (4/15)
 Temple: D:4-7

Annotations:
D:3 Grinder


Innate Abilities, Weirdness & Mutations

You have an increased reservoir of magic. (+10% MP)


Message History

a +0 robe; a +0 dagger
There is a stone staircase leading up, spattered with blood here.
The iguana barely misses you.
You climb upwards.
There is a stone staircase leading down here.
Casting: Magic Dart (safe; 1% risk of failure)
Confirm with . or Enter, or press ? or * to list all spells.
Aiming: Searing Ray (safe; 3% risk of failure)
Press: ? - help, Shift-Dir - straight line, f - iguana
Aim: an iguana The searing ray hits the iguana.
The iguana is moderately wounded. (Press . to maintain the ray.)
The iguana bites you!
The searing ray misses the iguana.
The iguana bites you!
* * * LOW HITPOINT WARNING * * *
The searing ray hits the iguana.
The iguana is moderately wounded.
The iguana bites you!
You die...

#............####)...##.##.#...
#...................##..##.####
#............####.####.###..##.
##.............##.## #.####.#..
##...##...###.##..# #.........
########..##.##..###.........
##.##.................
###########...).l...............
#............##@.....###........
#....(.......##.)....###........
#......#####...........#........
######## #.###.....#.#........
#.###...>.#..........
#.#.......###........
#...####...#####.#### #..<#
#.#.......# #...# #.###..####


You could see an iguana.

Vanquished Creatures
  2 orc wizards (D:3)
  Natasha (thrice) (D:3)
  4 gnolls (D:3)
  4 adders (D:2)
  2 oozes
  A worm (D:3)
  4 dart slugs
  A leopard gecko (D:1)
  3 orcs
  7 bats
  4 giant cockroaches
  4 hobgoblins
  4 jackals (D:3)
  A ball python (D:1)
  3 frilled lizards
  6 goblins
  3 kobolds
  3 rats
59 creatures vanquished.

Notes
Turn   | Place    | Note
-------+----------+-------------------------------------------
     0 | D:1      | DasRunzen the Demigod Conjurer began the quest for the Orb.
     0 | D:1      | Reached XP level 1. HP: 14/14 MP: 5/5
   212 | D:1      | Reached XP level 2. HP: 22/22 MP: 1/7
   431 | D:1      | Reached skill level 1 in Fighting
   803 | D:2      | Reached XP level 3. HP: 21/28 MP: 3/8
  1066 | D:2      | Reached skill level 4 in Conjurations
  1682 | D:2      | Reached XP level 4. HP: 35/35 MP: 4/10
  1875 | D:3      | Noticed Natasha
  1884 | D:3      | Killed Natasha
  2091 | D:3      | Noticed Natasha
  2101 | D:3      | Killed Natasha
  2162 | D:3      | Reached XP level 5. HP: 41/41 MP: 3/11
  2256 | D:3      | Noticed Natasha
  2262 | D:3      | Killed Natasha
  2387 | D:3      | Learned a level 2 spell: Searing Ray
  2900 | D:4      | Noticed Grinder
  2973 | D:2      | Slain by an iguana

Levels and vault maps discovered:
D:1:      dpeg_arrival_court, layout_loops_ring
D:2:      layout_rooms, minmay_tetromino_s2
D:3:      layout_basic, uniq_natasha
D:4:      layout_loops_ring, uniq_grinder

Skill      XL: |  1  2  3  4  5 |
---------------+----------------+-----
Dodging        | 2 3 |  3.2
Spellcasting   | 2 3 |  3.0
Fighting       | 1 2 |  2.4
Conjurations   | 4 |  4.5
Stealth        | |  1.7

Action                   |  1- 3 |  4- 6 || total
-------------------------+-------+-------++-------
Melee: Unarmed           |     6 |       ||     6
       Dagger            |    35 |    23 ||    58
 Cast: Magic Dart        |    74 |    90 ||   164
       Searing Ray       |       |     2 ||     2
  Use: Scroll            |     4 |     2 ||     6
  Eat: Chunk             |     2 |     4 ||     6
Armor: Robe              |    10 |    16 ||    26
Dodge: Dodged            |    24 |    40 ||    64

Table legend:
 A = Non-vault XP
 B = Vault XP
 C = Vault XP percentage of total XP
 D = Non-vault monster count
 E = Vault monster count
 F = Vault count percentage of total count
                 A         B        C        D         E       F
            +---------+---------+-------+---------+---------+-------
      Total |     364 |      35 |   8.8 |      58 |       1 |   1.7
            +---------+---------+-------+---------+---------+-------
        D:1 |      43 |       0 |   0.0 |      22 |       0 |   0.0
        D:2 |      81 |       0 |   0.0 |      18 |       0 |   0.0
        D:3 |     240 |      35 |  12.7 |      18 |       1 |   5.3
            +---------+---------+-------+---------+---------+-------
